 Dungeon Crawl Stone Soup version 0.25-a0-737-g26c3a87c45 (webtiles) character file.

Game seed: 17258870873775115396, levelgen mode: deterministic

79 MisterFreud the Vexing (level 4, 0/21 HPs)
             Began as a Felid Enchanter on Apr 12, 2020.
             Slain by a kobold
             ... wielding a +0 dagger
              (3 damage)
             ... on level 2 of the Dungeon.
             The game lasted 00:09:41 (4571 turns).

MisterFreud the Vexing (Felid Enchanter)            Turns: 4571, Time: 00:09:41

Health: 0/21       AC:  1    Str:  5    XL:     4   Next: 17%
Magic:  6/8        EV: 18    Int: 16    God:
Gold:   156        SH:  0    Dex: 16    Spells: 1/7 levels left
                                        Lives:  0   Deaths: 1

rFire    . . .     SeeInvis +     - Unarmed
rCold    . . .     Gourm    .   (shield unavailable)
rNeg     . . .     Faith    .   (armour unavailable)
rPois    .         Spirit   .   (helmet unavailable)
rElec    .         Reflect  .   (cloak unavailable)
rCorr    .         Harm     .   (gloves unavailable)
MR       .....                  (boots unavailable)
Stlth    +++.......             a - amulet of rage
HPRegen  0.07/turn              i - ring of flight
MPRegen  0.11/turn              (no ring)

@: quick
A: very small, no armour, no weapons or thrown items, stealth, claws 1, fangs 3,
see invisible, carnivore, speed 1, shaggy fur 1, slow metabolism 1, sharp paws
a: Evoke Berserk Rage, Evoke Flight


You were on level 2 of the Dungeon.
You were completely stuffed.

You visited 1 branch of the dungeon, and saw 3 of its levels.

You collected 156 gold pieces.

Inventory:

Jewellery
 a - an amulet of rage (around neck)
 h - an uncursed amulet of regeneration
 i - a ring of flight (left paw)
Wands
 j - a wand of iceblast (10)
Scrolls
 c - a scroll of remove curse {unknown}
 f - 3 scrolls of teleportation
 k - a scroll of identify
 m - a scroll of blinking {unknown}
Potions
 d - a potion of curing
 e - a potion of flight
 g - a potion of degeneration {unknown}
 l - a potion of brilliance {unknown}
 o - a potion of haste {unknown}
Comestibles
 b - 5 rations
 n - 2 chunks of flesh


   Skills:
 - Level 3.0 Fighting
 - Level 2.6 Dodging
 - Level 4.0 Stealth
 + Level 3.5 Unarmed Combat
 - Level 2.0 Spellcasting
 - Level 4.4 Hexes


You had one spell level left.
You knew the following spells:

 Your Spells              Type           Power        Failure   Level  Hunger
a - Corona                Hex            ###....      3%          1    #......
b - Ensorcelled Hibernat  Hex/Ice        #.....       13%         2    ###....
c - Confusing Touch       Hex            ###.....     11%         3    ###....

Your spell library contained the following spells:

 Spells                   Type           Power        Failure   Level  Hunger
 Tukima's Dance           Hex            ###.....     11%         3    ###....
 Dazzling Flash           Conj/Hex       #.....       26%         3    ###....
 Gell's Gravitas          Tloc           #.........   52%         3    ###....
 Petrify                  Tmut/Erth      #.......     90%         4    #####..
 Metabolic Englaciation   Hex/Ice        #.........   93%         5    ######.
 Yara's Violent Unravell  Hex/Tmut       #.........   93%         5    ######.


Dungeon Overview and Level Annotations

Branches:
Dungeon (3/15)

Altars:
Dithmenos
Wu Jian


Innate Abilities, Weirdness & Mutations

You cannot wear armour.
You are incapable of wielding weapons or throwing items.
Your paws allow you to move quietly. (Stealth)
You have sharp claws.
You have razor-sharp teeth.
You have supernaturally acute eyesight. (SInv)
You are carnivorous and can eat meat at any time.
You cover ground quickly.
You are covered in fur. (AC +1)
You have a slow metabolism.
Your sharp claws are effective at attacking unaware monsters.


Message History

The gnoll is almost dead.
The kobold barely misses you. The gnoll barely misses you.
You scratch the gnoll but do no damage.
The gnoll is almost dead.
The kobold hits you but does no damage. The gnoll hits you with a +0 spear.
You scratch the gnoll. Your bite misses the gnoll.
The gnoll is almost dead.
The kobold closely misses you. The gnoll hits you with a +0 spear!
You scratch the gnoll but do no damage.
The gnoll is almost dead.
The kobold misses you.
You barely miss the gnoll.
The gnoll is almost dead.
The gnoll hits you with a +0 spear.
* * * LOW HITPOINT WARNING * * *
The kobold misses you.
You scratch the gnoll.
You kill the gnoll!
The kobold hits you with a +0 dagger.
You die...

#)###.##..#.......##
#.#...###...###.#.#
#.#.### ##.## #.#.####
#.#.# #.# #......######
#######.#.# #.#
###.##....... ......#.#.#
#.######.#########
###.#.#)#.######........#
#.#.#<........K.#######
#.#.###.######@##
#.#...#.# #)# #.###.#.#
#.########### #.##....#
#......†....#
###.#.....##
###########.#
...........# #.#
....#......# #.#
######.....# #.######
##.#..# ##########....[..


You could see a kobold.

Vanquished Creatures
  2 gnolls (D:2)
  3 adders
  An ooze (D:3)
  A dart slug (D:3)
  2 leopard geckos (D:3)
  12 orcs
  A ball python (D:3)
  7 giant cockroaches
  3 goblins
  8 hobgoblins
  2 kobolds (D:3)
  4 bats
  8 frilled lizards
  7 rats
61 creatures vanquished.

Notes
Turn   | Place    | Note
-------+----------+-------------------------------------------
     0 | D:1      | MisterFreud the Felid Enchanter began the quest for the
                  | Orb.
     0 | D:1      | Reached XP level 1. HP: 7/7 MP: 4/4
    59 | D:1      | Reached skill level 1 in Fighting
   684 | D:1      | Reached XP level 2. HP: 8/13 MP: 4/6
   789 | D:1      | Learned a level 2 spell: Ensorcelled Hibernation
  1789 | D:2      | Found a shadowy altar of Dithmenos.
  2680 | D:3      | Reached XP level 3. HP: 16/16 MP: 7/7
  3251 | D:3      | Reached XP level 4. HP: 21/21 MP: 5/8
  3256 | D:3      | Learned a level 3 spell: Confusing Touch
  3623 | D:3      | Killed from afar by an orc wizard
  3624 | D:3      | Reached XP level 3. HP: -2/17 MP: 7/7
  3637 | D:3      | Found an ornate altar of the Wu Jian Council.
  4461 | D:2      | Reached XP level 4. HP: 14/21 MP: 5/8
  4571 | D:2      | Slain by a kobold

Levels and vault maps discovered:
D:1:      scummos_arrival_gate, layout_basic
D:2:      layout_loops_ring, nicolae_dithmenos_shadow_blocks, first_ration,
          minmay_worlds_worst_comb
D:3:      layout_rooms, marbit_many_paths, minmay_vboxes

Skill      XL: |  1  2  3 |
---------------+----------+-----
Fighting       | 1 2 3 |  3.0
Unarmed Combat | 3 |  3.5
Dodging        | |  2.6
Stealth        | |  4.0
Spellcasting   | |  2.0
Hexes          | |  4.4

Action                   |  1- 3 |  4- 6 || total
-------------------------+-------+-------++-------
Melee: Unarmed           |   143 |    43 ||   186
       Bite              |     7 |     1 ||     8
 Cast: Corona            |     6 |       ||     6
       Ensorcelled Hiber |    34 |     7 ||    41
  Use: Scroll            |     6 |       ||     6
       Potion            |     4 |       ||     4
 Stab: Sleeping          |    27 |     1 ||    28
       Distracted        |     1 |       ||     1
  Eat: Chunk             |    22 |     1 ||    23
Armor: Skin              |    16 |     2 ||    18
Dodge: Dodged            |   123 |    42 ||   165

Table legend:
 A = Non-vault XP
 B = Vault XP
 C = Vault XP percentage of total XP
 D = Non-vault monster count
 E = Vault monster count
 F = Vault count percentage of total count
                 A         B        C        D         E       F
            +---------+---------+-------+---------+---------+-------
      Total |     135 |      49 |  26.6 |      46 |      15 |  24.6
            +---------+---------+-------+---------+---------+-------
        D:1 |      17 |       0 |   0.0 |      11 |       0 |   0.0
        D:2 |      61 |      10 |  14.1 |      14 |       5 |  26.3
        D:3 |      57 |      39 |  40.6 |      21 |      10 |  32.3
            +---------+---------+-------+---------+---------+-------
